 Dungeon Crawl Stone Soup version 0.25-a0-547-g27a0b5d1ef (webtiles) character file.

Game seed: 12667907771397691038, levelgen mode: deterministic

73 Esekla the Magician (level 4, -1/24 HPs)
             Began as a Deep Elf Wizard on Feb 21, 2020.
             Slain by a hound (4 damage)
             ... on level 4 of the Dungeon.
             The game lasted 00:16:45 (1449 turns).

Esekla the Magician (Deep Elf Wizard)               Turns: 1449, Time: 00:16:46

Health: -1/24      AC:  2    Str:  5    XL:     4   Next: 8%
Magic:  1/13       EV: 13    Int: 23    God:
Gold:   53         SH:  0    Dex: 13    Spells: 5/14 levels left

rFire    . . .     SeeInvis .   h - +0 short sword
rCold    . . .     Gourm    .   (no shield)
rNeg     . . .     Faith    .   a - +0 robe
rPois    .         Spirit   .   b - +0 hat
rElec    .         Reflect  .   (no cloak)
rCorr    .         Harm     .   (no gloves)
MR       .....                  (no boots)
Stlth    ++........             (no amulet)
HPRegen  0.08/turn              c - ring of wizardry
MPRegen  0.13/turn              (no ring)

@: lethally poisoned (-1 -> -7)
A: no striking features
a: no special abilities


You were on level 4 of the Dungeon.
You were hungry.

You visited 1 branch of the dungeon, and saw 4 of its levels.

You collected 53 gold pieces.

Inventory:

Hand Weapons
 h - a +0 short sword (weapon)
Missiles
 i - 3 boomerangs of dispersal (quivered)
Armour
 a - a +0 robe (worn)
 b - a +0 hat (worn)
Jewellery
 c - a ring of wizardry (left hand)
Wands
 f - a wand of iceblast (7)
Scrolls
 e - 2 scrolls of teleportation {unknown}
 g - 4 scrolls of identify {unknown}
 k - 3 scrolls of remove curse {unknown}
Comestibles
 d - 6 rations


   Skills:
 + Level 3.0 Dodging
 - Level 2.4 Stealth
 * Level 5.8 Spellcasting
 * Level 1.6 Conjurations
   Level 1.1 Summonings
 * Level 1.8 Translocations
 * Level 0.7 Air Magic
 * Level 0.1 Poison Magic


You had 5 spell levels left.
You knew the following spells:

 Your Spells              Type           Power        Failure   Level  Hunger
a - Magic Dart            Conj           ##..         1%          1    None
b - Blink                 Tloc           N/A          2%          2    None
c - Mephitic Cloud        Conj/Pois/Air  ##......     8%          3    #......
f - Conjure Flame         Conj/Fire      ##......     8%          3    #......

Your spell library contained the following spells:

 Spells                   Type           Power        Failure   Level  Hunger
 Call Imp                 Summ           ##......     3%          2    None
 Slow                     Hex            #.......     5%          2    None


Dungeon Overview and Level Annotations

Branches:
Dungeon (4/15)
 Temple: D:4-7

Altars:


Message History

Aim: a worker ant (almost dead, confused)
The magic dart hits the worker ant but does no damage.
The worker ant is almost dead.
The hound bites you. The orc closely misses you. The hound bites you.
Casting: Magic Dart (safe; 1% risk of failure)
Confirm with . or Enter, or press ? or * to list all spells.
Aiming: Magic Dart (safe; 1% risk of failure)
Press: ? - help, Shift-Dir - straight line, f/p - worker ant
Aim: a worker ant (almost dead, confused)
The magic dart hits the worker ant.
The worker ant is almost dead.
The hound barely misses you. The orc completely misses you.
You barely miss the worker ant.
The worker ant is almost dead.
The hound barely misses you. The worker ant bites you.
* * * LOW HITPOINT WARNING * * *
You are lethally poisoned!
The worker ant poisons you! The orc hits you but does no damage.
The hound bites you.
You die...

.##.. #.......
......####.......
........##.......
..#............
#...........
#..$.....# .##
#......o.##....#
####>...<..@......#
..........h.a...#.#
..#............##
#.....o......#
#.............#
#.....(.........
#............#.##
#..%...........#
....###.......


You could see a hound, a worker ant (confused) and 2 orcs.

Vanquished Creatures
  An adder (D:3)
  3 gnolls (D:3)
  An ooze (D:1)
  2 giant cockroaches
  2 goblins (D:2)
  5 hobgoblins
  6 jackals
  2 bats (D:2)
  A frilled lizard (D:2)
  4 kobolds
  3 rats
30 creatures vanquished.

Notes
Turn   | Place    | Note
-------+----------+-------------------------------------------
     0 | D:1      | Esekla the Deep Elf Wizard began the quest for the Orb.
     0 | D:1      | Reached XP level 1. HP: 10/10 MP: 7/7
   173 | D:2      | Reached skill level 5 in Spellcasting
   263 | D:2      | Reached XP level 2. HP: 15/15 MP: 8/10
   818 | D:1      | Learned a level 2 spell: Blink
   987 | D:2      | Reached XP level 3. HP: 19/19 MP: 9/12
   992 | D:2      | Learned a level 3 spell: Mephitic Cloud
   996 | D:2      | Learned a level 3 spell: Conjure Flame
  1338 | D:3      | Reached XP level 4. HP: 22/24 MP: 2/13
  1449 | D:4      | Slain by a hound

Levels and vault maps discovered:
D:1:      psy_arrival_radial02, layout_loops_corners, minivault_11
D:2:      layout_basic
D:3:      layout_basic, grunt_ministairs_1, uniq_sigmund, uniq_jessica,
          uniq_terence
D:4:      layout_cave_pools, minmay_temple_entry_grid, first_ration,
          minmay_pentangle

Skill      XL: |  1  2  3 |
---------------+----------+-----
Spellcasting   | 5 |  5.8
Dodging        | 3 |  3.0
Stealth        | |  2.4
Conjurations   | |  1.6
Summonings     | |  1.1
Translocations | |  1.8
Air Magic      | |  0.7
Poison Magic   | |  0.1

Action                   |  1- 3 |  4- 6 || total
-------------------------+-------+-------++-------
Melee: Unarmed           |     7 |       ||     7
       Short sword       |    15 |    12 ||    27
 Cast: Magic Dart        |    81 |    12 ||    93
       Mephitic Cloud    |     4 |     1 ||     5
       Conjure Flame     |     1 |       ||     1
 Stab: Confused          |     3 |     1 ||     4
       Sleeping          |     1 |       ||     1
  Eat: Chunk             |       |     1 ||     1
Armor: Robe              |    13 |     2 ||    15
Dodge: Dodged            |    54 |    13 ||    67

Table legend:
 A = Non-vault XP
 B = Vault XP
 C = Vault XP percentage of total XP
 D = Non-vault monster count
 E = Vault monster count
 F = Vault count percentage of total count
                 A         B        C        D         E       F
            +---------+---------+-------+---------+---------+-------
      Total |     105 |       0 |   0.0 |      30 |       0 |   0.0
            +---------+---------+-------+---------+---------+-------
        D:1 |      22 |       0 |   0.0 |       9 |       0 |   0.0
        D:2 |      22 |       0 |   0.0 |      14 |       0 |   0.0
        D:3 |      61 |       0 |   0.0 |       7 |       0 |   0.0
            +---------+---------+-------+---------+---------+-------
